TOP OF THE 1ST |
Billings Polar Bears batting - Pitching for Westwood Sixshooters : RHP Miguel Hernández
|
Pitching: RHP Miguel Hernández
|
|
Batting: RHB Raúl Delgado
|
0-0: Swinging Strike 0-1: Ball 1-1: SINGLE (Groundball, 6M)
|
Batting: LHB Qi-zhen Loong
|
0-0: Ball 1-0: Foul Ball, location: 2F 1-1: Foul Ball, location: 2F 1-2: DOUBLE (Line Drive, 7LS) Raúl Delgado to third Runner from 3rd tries for Home, SAFE, no throw or cutoff
|
Batting: RHB Gerardo Castillo
|
0-0: Called Strike 0-1: Ground out 4-3 (Groundball, 4) Qi-zhen Loong to third
|
Batting: RHB Nick Miller
|
0-0: Swinging Strike 0-1: Swinging Strike 0-2: Ball 1-2: Foul Ball, location: 2F 1-2: Ground out 6-3 (Groundball, 6) Qi-zhen Loong scores
|
Batting: SHB Juan Brito
|
0-0: Ball 1-0: Ground out 1-3 (Groundball, 15)
|
Top of the 1st over - 2 run(s), 2 hit(s), 0 error(s), 0 left on base; Billings 2 - Westwood 0 |
BOTTOM OF THE 1ST |
Westwood Sixshooters batting - Pitching for Billings Polar Bears : RHP Jim Unknown
|
Pitching: RHP Jim Unknown
|
|
Batting: RHB Manuel Becerra
|
0-0: Ball 1-0: Foul Ball, location: 2F 1-1: Called Strike 1-2: Strikes out looking
|
Batting: RHB Jorge Morales
|
0-0: Called Strike 0-1: Fly out, F7 (Flyball, 7D)
|
Batting: RHB Wes Shannon
|
0-0: Swinging Strike 0-1: Called Strike 0-2: Ball 1-2: Strikes out looking
|
Bottom of the 1st over - 0 run(s), 0 hit(s), 0 error(s), 0 left on base; Billings 2 - Westwood 0 |
TOP OF THE 2ND |
Billings Polar Bears batting - Pitching for Westwood Sixshooters : RHP Miguel Hernández
|
Batting: RHB Jeremy Murphy
|
0-0: Ball 1-0: Called Strike 1-1: Swinging Strike 1-2: Ball 2-2: Ground out 5-3 (Groundball, 56S)
|
Batting: LHB Jesús Reyes
|
0-0: Called Strike 0-1: Ground out 6-3 (Groundball, 6S)
|
Batting: RHB Félix Aguilar
|
0-0: SINGLE (Line Drive, 6M)
|
Batting: RHB Rubén Marino
|
0-0: Ball 1-0: SINGLE (Line Drive, 7S) Félix Aguilar to second
|
Batting: RHB Raúl Delgado
|
0-0: Ball 1-0: Ball 2-0: Fly out, F6 (Line Drive, 6)
|
Top of the 2nd over - 0 run(s), 2 hit(s), 0 error(s), 2 left on base; Billings 2 - Westwood 0 |
BOTTOM OF THE 2ND |
Westwood Sixshooters batting - Pitching for Billings Polar Bears : RHP Jim Unknown
|
Batting: RHB Ronnie Cleveland
|
0-0: Called Strike 0-1: Foul Ball, location: 2F 0-2: Ball 1-2: SINGLE (Groundball, 56D)
|
Batting: LHB José Martínez
|
0-0: Foul Ball, location: 2F 0-1: Ball 1-1: Ball 2-1: Called Strike 2-2: Foul Ball, location: 2F 2-2: Ball 3-2: Strikes out looking
|
Batting: SHB Tim Moss
|
0-0: Called Strike 0-1: Ball 1-1: Foul Ball, location: 2F 1-2: Ball 2-2: Foul Ball, location: 2F 2-2: Foul Ball, location: 2F 2-2: 2-RUN HOME RUN (Flyball, 89XD), Distance : 419 ft
|
Batting: RHB Aurelio García
|
0-0: Ball 1-0: Called Strike 1-1: Ball 2-1: Foul Ball, location: 2F 2-2: Strikes out swinging
|
Batting: RHB Richard Hicks
|
0-0: Ball 1-0: Called Strike 1-1: Ball 2-1: Ground out 4-3 (Groundball, 34S)
|
Bottom of the 2nd over - 2 run(s), 2 hit(s), 0 error(s), 0 left on base; Billings 2 - Westwood 2 |
TOP OF THE 3RD |
Billings Polar Bears batting - Pitching for Westwood Sixshooters : RHP Miguel Hernández
|
Batting: LHB Qi-zhen Loong
|
0-0: Ball 1-0: Ball 2-0: Ball 3-0: Base on Balls
|
Batting: RHB Gerardo Castillo
|
0-0: Ball 1-0: Called Strike 1-1: Swinging Strike 1-2: Strikes out looking
|
Batting: RHB Nick Miller
|
0-0: Ball 1-0: Called Strike 1-1: Fly out, F6 (Popup, 56)
|
Batting: SHB Juan Brito
|
0-0: Ball 1-0: Called Strike 1-1: Foul Ball, location: 2F 1-2: Ball 2-2: Foul Ball, location: 2F 2-2: Foul Ball, location: 2F 2-2: Foul Ball, location: 2F 2-2: Foul Ball, location: 2F 2-2: Foul Ball, location: 2F 2-2: Fielders Choice at 2nd, U4 (Groundball, 4M)
|
Top of the 3rd over - 0 run(s), 0 hit(s), 0 error(s), 1 left on base; Billings 2 - Westwood 2 |
BOTTOM OF THE 3RD |
Westwood Sixshooters batting - Pitching for Billings Polar Bears : RHP Jim Unknown
|
Batting: RHB Sergio Martínez
|
0-0: Called Strike 0-1: Ball 1-1: Bunted foul 1-2: TRIPLE (Line Drive, 78M)
|
Batting: RHB Manuel Becerra
|
0-0: Called Strike 0-1: SINGLE (Line Drive, 9S) Sergio Martínez scores
|
Batting: RHB Jorge Morales
|
0-0: Ball 1-0: Fly out, F9 (Flyball, 89M)
|
Batting: RHB Wes Shannon
|
0-0: Called Strike 0-1: Called Strike 0-2: Ball 1-2: Fly out, F7 (Line Drive, 78S)
|
Batting: RHB Ronnie Cleveland
|
0-0: Ball Manuel Becerra is caught stealing 2nd base
|
Bottom of the 3rd over - 1 run(s), 2 hit(s), 0 error(s), 0 left on base; Billings 2 - Westwood 3 |
TOP OF THE 4TH |
Billings Polar Bears batting - Pitching for Westwood Sixshooters : RHP Miguel Hernández
|
Batting: RHB Jeremy Murphy
|
0-0: Called Strike 0-1: Ball 1-1: TRIPLE (Line Drive, 8LM)
|
Batting: LHB Jesús Reyes
|
0-0: Called Strike 0-1: Ball 1-1: Called Strike 1-2: Ball 2-2: Foul Ball, location: 2F 2-2: Strikes out swinging
|
Batting: RHB Félix Aguilar
|
0-0: Ball 1-0: Ball 2-0: Foul Ball, location: 2F 2-1: Ball 3-1: Swinging Strike 3-2: Base on Balls
|
Batting: RHB Rubén Marino
|
0-0: Fly out, F9 (Flyball, 89S)
|
Batting: RHB Raúl Delgado
|
0-0: Foul Ball, location: 2F 0-1: Foul Ball, location: 2F 0-2: Strikes out looking
|
Top of the 4th over - 0 run(s), 1 hit(s), 0 error(s), 2 left on base; Billings 2 - Westwood 3 |
BOTTOM OF THE 4TH |
Westwood Sixshooters batting - Pitching for Billings Polar Bears : RHP Jim Unknown
|
Batting: RHB Ronnie Cleveland
|
0-0: Called Strike 0-1: Ball 1-1: Foul Ball, location: 2F 1-2: Ball 2-2: Ball 3-2: Fly out, F5 (Popup, 5F)
|
Batting: LHB José Martínez
|
0-0: Called Strike 0-1: Fly out, F9 (Flyball, 89M)
|
Batting: SHB Tim Moss
|
0-0: Ground out 6-3 (Groundball, 6M)
|
Bottom of the 4th over - 0 run(s), 0 hit(s), 0 error(s), 0 left on base; Billings 2 - Westwood 3 |
TOP OF THE 5TH |
Billings Polar Bears batting - Pitching for Westwood Sixshooters : RHP Miguel Hernández
|
Batting: LHB Qi-zhen Loong
|
0-0: Fly out, F4 (Popup, 4D)
|
Batting: RHB Gerardo Castillo
|
0-0: Called Strike 0-1: Foul Ball, location: 2F 0-2: Ball 1-2: Ball 2-2: Foul Ball, location: 2F 2-2: Fly out, F2 (Popup, 3SF)
|
Batting: RHB Nick Miller
|
0-0: Swinging Strike 0-1: Called Strike 0-2: Ball 1-2: Foul Ball, location: 2F 1-2: Ball 2-2: Strikes out looking
|
Top of the 5th over - 0 run(s), 0 hit(s), 0 error(s), 0 left on base; Billings 2 - Westwood 3 |
BOTTOM OF THE 5TH |
Westwood Sixshooters batting - Pitching for Billings Polar Bears : RHP Jim Unknown
|
Batting: RHB Aurelio García
|
0-0: Ball 1-0: Called Strike 1-1: Fly out, F3 (Popup, 3F)
|
Batting: RHB Richard Hicks
|
0-0: SINGLE (Line Drive, 5D)
|
Batting: RHB Sergio Martínez
|
0-0: SINGLE (Groundball, 4MD) Richard Hicks to second Runner from 2nd tries for 3rd, SAFE after rundown.
|
Batting: RHB Manuel Becerra
|
0-0: Called Strike 0-1: Swinging Strike 0-2: Strikes out swinging
|
Batting: RHB Jorge Morales
|
0-0: Ball 1-0: Fly out, F8 (Flyball, 8RM)
|
Bottom of the 5th over - 0 run(s), 2 hit(s), 0 error(s), 2 left on base; Billings 2 - Westwood 3 |
TOP OF THE 6TH |
Billings Polar Bears batting - Pitching for Westwood Sixshooters : RHP Miguel Hernández
|
Batting: SHB Juan Brito
|
0-0: Ball 1-0: Called Strike 1-1: Swinging Strike 1-2: Strikes out swinging
|
Batting: RHB Jeremy Murphy
|
0-0: Ball 1-0: SINGLE (Groundball, 6MD)
|
Batting: LHB Jesús Reyes
|
0-0: Ball 1-0: Grounds into double play, 6-4-3 (Groundball, 6)
|
Top of the 6th over - 0 run(s), 1 hit(s), 0 error(s), 0 left on base; Billings 2 - Westwood 3 |
BOTTOM OF THE 6TH |
Westwood Sixshooters batting - Pitching for Billings Polar Bears : RHP Jim Unknown
|
Batting: RHB Wes Shannon
|
0-0: Called Strike 0-1: Ball 1-1: Foul Ball, location: 2F 1-2: Foul Ball, location: 2F 1-2: Ball 2-2: Ground out 5-3 (Groundball, 5)
|
Batting: RHB Ronnie Cleveland
|
0-0: Ball 1-0: Swinging Strike 1-1: Ball 2-1: Foul Ball, location: 2F 2-2: Ball 3-2: Strikes out looking
|
Batting: LHB José Martínez
|
0-0: Called Strike 0-1: Called Strike 0-2: Ground out 5-3 (Groundball, 56S)
|
Bottom of the 6th over - 0 run(s), 0 hit(s), 0 error(s), 0 left on base; Billings 2 - Westwood 3 |
TOP OF THE 7TH |
Billings Polar Bears batting - Pitching for Westwood Sixshooters : RHP Miguel Hernández
|
Batting: RHB Félix Aguilar
|
0-0: Called Strike 0-1: Ball 1-1: Ball 2-1: Fly out, F9 (Line Drive, 89S)
|
Batting: RHB Rubén Marino
|
0-0: Foul Ball, location: 2F 0-1: Foul Ball, location: 2F 0-2: Strikes out looking
|
Batting: RHB Raúl Delgado
|
0-0: Ground out 6-3 (Groundball, 6)
|
Top of the 7th over - 0 run(s), 0 hit(s), 0 error(s), 0 left on base; Billings 2 - Westwood 3 |
BOTTOM OF THE 7TH |
Westwood Sixshooters batting - Pitching for Billings Polar Bears : RHP Jim Unknown
|
Batting: SHB Tim Moss
|
0-0: Ball 1-0: Ball 2-0: Called Strike 2-1: Ball 3-1: Base on Balls
|
Batting: RHB Aurelio García
|
0-0: Sac Bunt - play at first, batter OUT! 1-4 Tim Moss to second
|
Batting: RHB Richard Hicks
|
0-0: Ball 1-0: Called Strike 1-1: Swinging Strike 1-2: Foul Ball, location: 2F 1-2: Ball 2-2: SINGLE (Groundball, 6M) Tim Moss to third
|
Pitching: RHP Jim Unknown
|
|
Batting: RHB Sergio Martínez
|
0-0: Ball 1-0: Foul Ball, location: 2F 1-1: Foul Ball, location: 2F 1-2: Foul Ball, location: 2F 1-2: Foul Ball, location: 2F 1-2: Ball 2-2: Strikes out swinging
|
Batting: RHB Manuel Becerra
|
0-0: Ball 1-0: Called Strike 1-1: Foul Ball, location: 2F 1-2: Ball 2-2: Fly out, F7 (Flyball, 7S)
|
Bottom of the 7th over - 0 run(s), 1 hit(s), 0 error(s), 2 left on base; Billings 2 - Westwood 3 |
TOP OF THE 8TH |
Billings Polar Bears batting - Pitching for Westwood Sixshooters : RHP Miguel Hernández
|
Batting: LHB Qi-zhen Loong
|
0-0: Ball 1-0: Called Strike 1-1: Ball 2-1: Ball 3-1: Swinging Strike 3-2: Base on Balls
|
Batting: RHB Gerardo Castillo
|
0-0: Ball 1-0: Ball 2-0: Ball 3-0: Called Strike 3-1: Base on Balls Qi-zhen Loong to second
|
Pitching: LHP Jeremy Vance
|
|
Pinch Runner at 2nd Armando Reyes:
|
|
Pinch Hitting: RHB Will Robinson
|
0-0: Called Strike 0-1: Swinging Strike 0-2: Ball 1-2: Ball 2-2: Ball 3-2: Base on Balls Armando Reyes to third Gerardo Castillo to second
|
Batting: SHB Juan Brito
|
0-0: Called Strike 0-1: Ball 1-1: Swinging Strike 1-2: Strikes out swinging
|
Pitching: RHP Paul Abbott
|
|
Batting: RHB Jeremy Murphy
|
0-0: Ball 1-0: Ball 2-0: Foul Ball, location: 2F 2-1: Called Strike 2-2: Strikes out looking
|
Batting: LHB Jesús Reyes
|
0-0: Called Strike 0-1: Ball 1-1: Called Strike 1-2: Ball 2-2: Strikes out swinging
|
Top of the 8th over - 0 run(s), 0 hit(s), 0 error(s), 3 left on base; Billings 2 - Westwood 3 |
BOTTOM OF THE 8TH |
Westwood Sixshooters batting - Pitching for Billings Polar Bears : RHP Jim Unknown
|
Now at 3B: Armando Reyes
|
|
Now in LF: Will Robinson
|
|
Batting: RHB Jorge Morales
|
0-0: Swinging Strike 0-1: Ball 1-1: Ground out 4-3 (Groundball, 34)
|
Batting: RHB Wes Shannon
|
0-0: Called Strike 0-1: Ball 1-1: Ball 2-1: Fly out, F7 (Flyball, 7M)
|
Batting: RHB Ronnie Cleveland
|
0-0: Ball 1-0: Swinging Strike 1-1: Ball 2-1: Ground out 6-3 (Groundball, 56)
|
Bottom of the 8th over - 0 run(s), 0 hit(s), 0 error(s), 0 left on base; Billings 2 - Westwood 3 |
TOP OF THE 9TH |
Billings Polar Bears batting - Pitching for Westwood Sixshooters : RHP Paul Abbott
|
Pitching: RHP Cisco Ortega
|
|
Now at 1B: Don Thomas
|
|
Batting: RHB Félix Aguilar
|
0-0: Called Strike 0-1: Fly out, F4 (Popup, 4D)
|
Batting: RHB Rubén Marino
|
0-0: Foul Ball, location: 2F 0-1: Foul Ball, location: 2F 0-2: Strikes out swinging
|
Batting: RHB Raúl Delgado
|
0-0: Foul Ball, location: 2F 0-1: Ball 1-1: Ball 2-1: Ball 3-1: Called Strike 3-2: Strikes out swinging
|
Top of the 9th over - 0 run(s), 0 hit(s), 0 error(s), 0 left on base; Billings 2 - Westwood 3 |
|